 Dungeon Crawl Stone Soup version 0.26.0-41-g79a4fc7684 (webtiles) character file.

Game seed: 3171875674699071618

139 kaeus the Skirmisher (level 5, -2/37 HPs)
             Began as an Octopode Fighter on Jan 27, 2021.
             Killed by divine providence
             ... invoked by an orc priest
              (12 damage)
             ... on level 3 of the Dungeon.
             The game lasted 00:02:49 (2445 turns).

kaeus the Skirmisher (Octopode Fighter)             Turns: 2445, Time: 00:02:50

Health: -2/37      AC:  1    Str: 15    XL:     5   Next: 22%
Magic:  5/5        EV: 13    Int: 10    God:
Gold:   158        SH: 10    Dex: 19    Spells: 4/4 levels left

rFire    . . .     SeeInvis .   i - +0 dagger
rCold    . . .     Faith    .   b - +1 kite shield
rNeg     . . .     Spirit   .   (helmet restricted)
rPois    +         Reflect  .   (no amulet)
rElec    .         Harm     .   e - ring of poison resistance
rCorr    .         Rampage  .   f - +6 ring of dexterity
Will     .....                  (no ring)
Stlth    ++++......             (no ring)
HPRegen  0.12/turn              (no ring)
MPRegen  0.09/turn              (no ring)
                                (no ring)
                                (no ring)

@: no status effects
A: almost no armour, stealthy swim, amphibious, 8 rings, constrict 8, camouflage
1, gelatinous body 1
a: no special abilities


You were on level 3 of the Dungeon.
You visited 1 branch of the dungeon, and saw 3 of its levels.

You collected 158 gold pieces.

Inventory:

Hand Weapons
 i - a +0 dagger (weapon)
Armour
 b - a +1 kite shield (worn)
Jewellery
 d - an uncursed ring of ice
 e - a ring of poison resistance (left tentacle)
 f - a +6 ring of dexterity (right tentacle)
Scrolls
 a - a scroll of teleportation {unknown}
 h - 3 scrolls of identify
 k - a scroll of magic mapping {unknown}
Potions
 c - a potion of might
 g - a potion of degeneration {unknown}
 j - a potion of haste {unknown}


   Skills:
 + Level 3.7 Fighting
 + Level 2.9 Short Blades
 + Level 3.7 Dodging
 * Level 3.4 Stealth
 - Level 3.2 Shields


You had 4 spell levels left.
You didn't know any spells.
Your spell library was empty.

Dungeon Overview and Level Annotations

Branches:
Dungeon (3/15)

Altars:
Ashenzari
Cheibriados
Okawaru
Yredelemnul


Innate Abilities, Weirdness & Mutations

You cannot wear most types of armour.
You are very stealthy in the water. (Stealth+)
You are amphibious.
You can wear up to eight rings at the same time.
You can use your tentacles to constrict eight enemies at once.
Your skin changes colour to match your surroundings (Stealth+).
Your rubbery body absorbs attacks. (AC +1, EV +1)


Message History

The orc priest calls down the wrath of Beogh upon you.
Beogh smites you!
You take 11 damage, and have 18/37 hp.
MASSIVE DAMAGE!!
You hit the orc priest but do no damage.
The orc priest is lightly wounded.
You constrict the orc priest.
The orc priest hits you with a +0 dagger!
* * * LOW HITPOINT WARNING * * *
You take 8 damage, and have 10/37 hp.
MASSIVE DAMAGE!!
You hit the orc priest.
The orc priest is heavily wounded.
You constrict the orc priest, but do no damage.
The orc priest closely misses you.
You hit the orc priest but do no damage.
You squeeze the orc priest, but do no damage.
The orc priest is heavily wounded.
You constrict the orc priest.
The orc priest mumbles some strange prayers to Beogh against you.
Beogh smites you!
You die...

#.....#
#..[..#
##.....##
...o...#
#..o...#
#)#.# ##.#)##
#.###o# #.#
##.#@## .. .
.# #.#.# #.#.
.. ##.#.##
... .#
#.###.# #.#
#.# ##.#.##
#.## ..##
#.#.#
#..###.##.
##.#.##
#......#
#.###.#
####.##..####
##.#.##
#....###.....


You could see an orc priest.

Vanquished Creatures
  A worker ant (D:3)
  3 adders (D:2)
  3 worms
  2 dart slugs
  4 leopard geckos
  5 orcs (D:3)
  5 bats (D:1)
  7 giant cockroaches
  5 goblins
  10 hobgoblins
  3 quokkas
  6 frilled lizards
  6 kobolds
  7 rats
67 creatures vanquished.

Notes
Turn   | Place    | Note
-------+----------+-------------------------------------------
     0 | D:1      | kaeus the Octopode Fighter began the quest for the Orb.
     0 | D:1      | Reached XP level 1. HP: 16/16 MP: 1/1
   160 | D:1      | Reached XP level 2. HP: 18/21 MP: 2/2
   670 | D:1      | Reached XP level 3. HP: 17/26 MP: 3/3
  1082 | D:2      | Reached skill level 1 in Stealth
  1490 | D:2      | Reached XP level 4. HP: 31/31 MP: 4/4
  2130 | D:2      | Found an iron altar of Okawaru.
  2132 | D:2      | Found a basalt altar of Yredelemnul.
  2133 | D:2      | Found a snail-covered altar of Cheibriados.
  2134 | D:2      | Found a broken altar of Ashenzari.
  2277 | D:3      | Reached XP level 5. HP: 37/37 MP: 5/5
  2445 | D:3      | Killed from afar by an orc priest

Illustrated notes

Levels and vault maps discovered:
D:1:      heliophobic_arrival_dark_side_of_the_moon, layout_loops_ring,
          minmay_crystal_water, minivault_19, minmay_pentomino_p4
D:2:      layout_basic, minitemple, chequers_serial_rivers_small_b, nrook_uturn
D:3:      layout_rooms, chequers_ecumenical_altar_twisty, roderic_roman_lattice,
          uniq_crazy_yiuf_cottage

Skill      XL: |  1  2  3  4 |
---------------+-------------+-----
Stealth        | 2 3 |  3.4
Fighting       | |  3.7
Short Blades   | |  2.9
Dodging        | |  3.7
Shields        | |  3.2

Action                   |  1- 3 |  4- 6 || total
-------------------------+-------+-------++-------
Melee: Rapier            |    40 |       ||    40
       Constrict         |    19 |    19 ||    38
       Tentacles         |    16 |    17 ||    33
       Dagger            |    33 |    68 ||   101
  Use: Scroll            |     3 |       ||     3
 Stab: Sleeping          |     7 |     6 ||    13
Armor: Skin              |     4 |     1 ||     5
Dodge: Dodged            |    30 |    17 ||    47
Block: Kite shield       |    34 |    27 ||    61
